 Dungeon Crawl Stone Soup version 0.28.0-43-g3370ac3207 (webtiles) character file.

Game seed: 12333864302339113188

35336 mortz the Thaumaturge (level 14, -7/91 HPs)
             Began as a Human Conjurer on Mar 6, 2022.
             Was a High Priest of Vehumet.
             Engulfed by a cloud of spreading flames (10 damage)
             ... on level 3 of the Lair of Beasts.
             The game lasted 02:41:56 (23521 turns).

mortz the Thaumaturge (Human Conjurer)             Turns: 23521, Time: 02:41:57

Health: -7/91      AC: 11    Str: 16    XL:     14   Next: 18%
Magic:  9/31       EV: 28    Int: 27    God:    Vehumet [*****.]
Gold:   143        SH:  8    Dex: 12    Spells: 2/39 levels left

rFire   + . .      SeeInvis .   z - +6 mace {mace}
rCold   . . .      Faith    .   U - +3 warlock's mirror {reflect}
rNeg    + + +      Spirit   .   E - +2 robe of Riadoima {Regen+ Str+7 Stlth-}
rPois   .          Reflect  +   L - +1 helmet
rElec   +          Harm     .   (no cloak)
rCorr   .          Rampage  .   H - +1 Delatra's gloves {ID++}
Will    +....                   i - +2 pair of boots
Stlth   ++........              N - amulet of the acrobat
HPRegen 1.05/turn               C - +6 ring of dexterity
MPRegen 0.22/turn               F - ring "Sagaukof" {rElec rF+ rN+++ Int+4 Dex-5}

@: acrobatic
A: no striking features
a: Renounce Religion


You were on level 3 of the Lair of Beasts.
You worshipped Vehumet.
Vehumet was extremely pleased with you.
You visited 3 branches of the dungeon, and saw 14 of its levels.
You also visited: Bailey.

You collected 783 gold pieces.
You spent 640 gold pieces at shops.


   Skills:
 + Level 2.9 Fighting
 + Level 2.5 Maces & Flails
 + Level 0.6 Throwing
 + Level 3.1 Armour
 + Level 6.1 Dodging
 + Level 5.0 Stealth
 * Level 5.3 Shields
 + Level 0.1 Unarmed Combat
 + Level 13.1 Spellcasting
 + Level 12.4 Conjurations
 + Level 2.5 Translocations
 + Level 3.4 Transmutations
 + Level 3.3 Fire Magic
 + Level 5.9 Air Magic
 + Level 5.8 Poison Magic


You had 2 spell levels left.
You knew the following spells:

 Your Spells              Type           Power      Damage    Failure   Level
a - Magic Dart            Conj           100%       1d8       1%          1
b - Searing Ray           Conj           100%       2d8       1%          2
c - Dazzling Flash        Conj/Hex       100%       N/A       1%          3
d - Mephitic Cloud        Conj/Pois/Air  57%        N/A       1%          3
e - Fulminant Prism       Conj/Hex       25%        3d14      1%          4
f - Iskenderun's Mystic   Conj/Tloc      55%        2d12      1%          4
g - Static Discharge      Conj/Air       61%        N/A       1%          2
h - Ignite Poison         Fire/Tmut/Pois 40%        N/A       1%          3
i - Scorch                Fire           70%        2d8       1%          2
j - Airstrike             Air            25%        N/A       1%          4
k - Iskenderun's Battles  Conj           71%        2d12      1%          5
l - Flame Wave            Conj/Fire      57%        2d11      1%          4

Your spell library contained the following spells:

 Spells                   Type           Power      Damage    Failure   Level
 Apportation              Tloc           62%        N/A       1%          1
 Animate Skeleton         Necr           34%        N/A       4%          1
 Summon Small Mammal      Summ           68%        N/A       4%          1
 Freezing Cloud           Conj/Ice/Air   25%        6-21      2%          5
 Starburst                Conj/Fire      28%        6d9       7%          6

Inventory:

Hand Weapons
 k - a +0 trident {polearm}
   (You took it off a hobgoblin on level 1 of the Dungeon)
 m - a +1 dagger of chaos {short}
   (You took it off Psyche on level 10 of the Dungeon)
 u - a +0 whip of freezing {mace}
   (You took it off Pikel on level 8 of the Dungeon)
 w - a +1 dagger of venom {short}
   (You took it off an orc wizard on level 8 of the Dungeon)
 y - a +2 flail of pain {mace}
   (You took it off an orc on level 10 of the Dungeon)
 z - a +6 mace (weapon) {mace}
   (You took it off an orc priest on level 4 of the Dungeon)
 M - a +2 shortbow of freezing {bow}
   (You took it off a centaur warrior on level 9 of the Dungeon)
Missiles
 c - 431 stones {throwing}
 q - 5 curare-tipped darts {=fthrowing}
 t - 7 boomerangs {throwing}
 O - 6 javelins {throwing}
 P - a throwing net {=f!fthrowing}
 R - 6 poisoned darts {throwing}
Armour
 i - a +2 pair of boots (worn)
   (You found it on level 1 of the Dungeon)
 E - the +2 robe of Riadoima (worn) {Regen+ Str+7 Stlth-}
   (You found it on level 5 of the Dungeon)

   Str:       It affects your strength (+7).
   Regen:     It increases your rate of health regeneration.
   Stlth:     It makes you less stealthy.
 H - the +1 Delatra's gloves (worn) {ID++}
   (You found it on level 5 of the Dungeon)

   It heals its wearer when they drink unknown potions.
   It restores its wearer's MP when they read unknown scrolls.
 L - a +1 helmet (worn)
   (You found it on level 6 of the Dungeon)
 U - the +3 warlock's mirror (worn) {reflect}
   (You bought it in a shop on level 2 of the Dungeon)

   It can block and reflect piercing ranged attacks and magical attacks against
   the wielder's willpower.
Magical Staves
 A - a staff of cold {!astaff}
   (You found it on level 4 of the Dungeon)
 B - a staff of poison {!astaff}
   (You found it on level 5 of the Dungeon)
Jewellery
 a - a +4 ring of protection
   (You found it on level 1 of the Lair of Beasts)
 o - a ring of see invisible
   (You found it on level 2 of the Dungeon)
 C - a +6 ring of dexterity (left hand)
   (You took it off an orc wizard on level 8 of the Dungeon)
 F - the ring "Sagaukof" (right hand) {rElec rF+ rN+++ Int+4 Dex-5}
   (You found it on level 1 of the Lair of Beasts)

   [ring of protection from fire]

   Int:       It affects your intelligence (+4).
   Dex:       It affects your dexterity (-5).
   rF:        It protects you from fire.
   rElec:     It insulates you from electricity.
   rN:        It renders you almost immune to negative energy.
 J - a +6 ring of strength
   (You found it on level 6 of the Dungeon)
 N - an amulet of the acrobat (around neck)
   (You took it off an orc warrior on level 9 of the Dungeon)
 V - a ring of protection from cold
   (You found it on level 3 of the Lair of Beasts)
Wands
 b - a wand of digging (13)
   (You found it on level 7 of the Dungeon)
 I - a wand of acid (3)
   (You found it on level 5 of the Dungeon)
 Q - a wand of flame (19)
   (You found it on level 9 of the Dungeon)
Scrolls
 f - a scroll of torment {unknown}
 j - 3 scrolls of fog
 l - 2 scrolls of magic mapping {!r}
 n - 3 scrolls of blinking {!r}
 p - 5 scrolls of amnesia
 s - a scroll of immolation {!r!r}
 D - a scroll of summoning {unknown}
 K - 4 scrolls of teleportation {@r4}
Potions
 d - 2 potions of magic {unknown}
 e - a potion of resistance {unknown}
 g - 3 potions of cancellation
 h - 5 potions of curing {@q1}
 r - 2 potions of flight {unknown}
 v - 3 potions of ambrosia
 x - a potion of mutation {unknown}
 G - a potion of heal wounds {unknown}
 S - a potion of brilliance {unknown}
 T - a potion of invisibility {unknown}

Dungeon Overview and Level Annotations

Branches:
Dungeon (10/15)            Temple (1/1) D:4            Lair (3/6) D:10
  Snake (0/4) Lair:2       Bailey (visited)
  Swamp: Lair:2-4    Shoals: Lair:2-4       Orc: D:9-12

Altars:
Ashenzari
Cheibriados
Dithmenos
Elyvilon
Fedhas
Gozag
Hepliaklqana
Kikubaaqudgha
Makhleb
Nemelex Xobeh
Qazlal
Ru
Sif Muna
Trog
Vehumet
Wu Jian
Xom
Yredelemnul
Zin
The Shining One

Shops:
D:2 [

Annotations:
D:8 Maurice
Lair:2 3 runed translucent doors, Orthodox's ghost, journeyman HOBe
Lair:3 1 runed translucent door, pkoi's ghost, journeyman DrCj

.♣ .÷..≈Y..÷......♣♣......## †♣
...÷..≈..÷......♣♣.....##. .♣
.....÷.≈≈.......♣.♣........ .♣♣
........≈≈.....♣♣♣♣........ ..♣♣
.........≈.....♣♣♣......... ...♣
...............♣.......#.. ...♣♣
........§*§§§♣♣♣.......#.. ....♣♣
♣♣♣...☼§§§§§§♣...........
.....♣♣♣♣♣♣...☼§@§§§♣.......<....
...........)..☼☼☼☼§§............#
.................................
.............................#...
.............................####
................P..#.........##
....###.......................#
...##..........###...........P#
...##............<...........##


You could see a friendly battlesphere.


Message History

You lost 1 mp, and now have 18/31 mp.
Casting: Searing Ray (safe; 1% risk of failure)
Confirm with . or Enter, or press ? or * to list all spells.
Aiming: Searing Ray (safe; 1% risk of failure)
Press: ? - help, Shift-Dir - straight line, f/p - elephant
Aim: an elephant (flame, almost dead, ally target, 100% to hit)
The searing ray hits the elephant. (Press . to maintain the ray.)
You are engulfed in a forest fire.
You resist.
Your battlesphere fires!
The barrage of energy hits the elephant.
You kill the elephant!
Vehumet accepts your kill. 😮 HP[-6] MP[-2]
You take 6 damage, and now have 50/91 hp.
You lost 2 mp, and now have 16/31 mp.
Really walk into that cloud of flame?
Okay, then.
Casting: Searing Ray (safe; 1% risk of failure)
Confirm with . or Enter, or press ? or * to list all spells.
Okay, then.
Aiming: Magic Dart (safe; 1% risk of failure)
Press: ? - help, Q - select action, (/) - cycle Shift-Dir - straight line, f - you
Okay, then.
You are engulfed in a forest fire.
You resist.
* * * LOW HITPOINT WARNING * * *
Your battlesphere is engulfed in a forest fire. x2 😨 HP[-7] MP[-1]
You take 7 damage, and now have 43/91 hp.
You lost 1 mp, and now have 15/31 mp.
Aiming: Magic Dart (safe; 1% risk of failure)
Press: ? - help, Q - select action, (/) - cycle Shift-Dir - straight line, f - catoblepas
Aim: a catoblepas (100% to hit)
The magic dart hits the catoblepas but does no damage.
You are engulfed in a forest fire.
You resist.
* * * LOW HITPOINT WARNING * * *
Your battlesphere fires!
The barrage of energy hits the catoblepas!
Your battlesphere is engulfed in a forest fire. 😨 HP[-8] MP[-1]
You take 8 damage, and now have 35/91 hp.
You lost 1 mp, and now have 14/31 mp.
Casting: Magic Dart (safe; 1% risk of failure)
Confirm with . or Enter, or press ? or * to list all spells.
You imbue your battlesphere with additional charge.
You are engulfed in a forest fire.
You resist.
* * * LOW HITPOINT WARNING * * *
Your battlesphere is engulfed in blazing flames. x2 😨 HP[-7] MP[-4]
You take 7 damage, and now have 28/91 hp.
You lost 4 mp, and now have 10/31 mp.
Aiming: Magic Dart (safe; 1% risk of failure)
Press: ? - help, Q - select action, (/) - cycle Shift-Dir - straight line, f/p - catoblepas
Aim: a catoblepas (lightly wounded, ally target, 100% to hit)
The magic dart hits the catoblepas.
You are engulfed in a forest fire.
You resist.
* * * LOW HITPOINT WARNING * * *
Your battlesphere fires!
The barrage of energy hits the catoblepas!! 😨 HP[-5] MP[-1]
You take 5 damage, and now have 23/91 hp.
You lost 1 mp, and now have 9/31 mp.
Aiming: Magic Dart (safe; 1% risk of failure)
Press: ? - help, Q - select action, (/) - cycle Shift-Dir - straight line, f/p - catoblepas
Aim: a catoblepas (heavily wounded, ally target, 100% to hit)
The magic dart hits the catoblepas!
You are engulfed in a forest fire.
You resist.
* * * LOW HITPOINT WARNING * * *
Your battlesphere fires!
The barrage of energy hits the catoblepas! 😱 HP[-9] MP[-1]
You take 9 damage, and now have 14/91 hp.
You lost 1 mp, and now have 8/31 mp.
Casting: Magic Dart (safe; 1% risk of failure)
Confirm with . or Enter, or press ? or * to list all spells.
Aiming: Searing Ray (safe; 1% risk of failure)
Press: ? - help, Shift-Dir - straight line, f/p - catoblepas
Aim: a catoblepas (severely wounded, ally target, 100% to hit)
The searing ray hits the catoblepas. (Press . to maintain the ray.)
You are engulfed in a forest fire.
You resist.
* * * LOW HITPOINT WARNING * * *
Your battlesphere fires!
The barrage of energy hits the catoblepas! 😱 HP[-5] MP[-2]
You take 5 damage, and now have 9/91 hp.
You lost 2 mp, and now have 6/31 mp.
The searing ray hits the catoblepas.
You are engulfed in a forest fire.
You resist.
* * * LOW HITPOINT WARNING * * *
Your battlesphere fires!
The barrage of energy hits the catoblepas!
You kill the catoblepas!
Vehumet accepts your kill.
You feel your power returning.
The forest fire spreads! 😱 HP[-6] MP[+4]
You take 6 damage, and now have 3/91 hp.
You regained 4 mp, and now have 10/31 mp.
You are engulfed in a forest fire.
You resist.
You die...

Skill      XL: |  1  2  3  4  5  6  7  8  9 10 11 12 13 14 |
---------------+-------------------------------------------+-----
Armour         | 1 2 3 |  3.1
Conjurations   | 5 6 7 8 9 10 11 12 | 12.4
Spellcasting   | 3 4 5 7 8 10 12 13 | 13.1
Stealth        | 3 4 5 |  5.0
Maces & Flails | 1 2 |  2.5
Dodging        | 3 4 5 6 |  6.1
Fighting       | 1 2 |  2.9
Air Magic      | 1 3 5 |  5.9
Poison Magic   | 1 2 4 5 |  5.8
Fire Magic     | 1 2 3 |  3.3
Transmutations | 1 2 3 |  3.4
Translocations | 1 2 |  2.5
Shields        | 1 5 |  5.3
Throwing       | |  0.6
Unarmed Combat | |  0.1

Action                   |  1- 3 |  4- 6 |  7- 9 | 10-12 | 13-15 || total
-------------------------+-------+-------+-------+-------+-------++-------
Melee: Unarmed           |    30 |       |       |       |       ||    30
       Rapier            |       |     1 |       |       |       ||     1
       Mace              |       |       |     4 |    20 |     1 ||    25
Throw: Dart              |       |       |       |    21 |       ||    21
 Cast: Magic Dart        |    73 |    72 |    71 |   138 |    52 ||   406
       Searing Ray       |     2 |    22 |    60 |   103 |    55 ||   242
       Mephitic Cloud    |       |       |    12 |    58 |    25 ||    95
       Dazzling Flash    |       |       |     1 |       |       ||     1
       Ignite Poison     |       |       |       |    33 |    22 ||    55
       Iskenderun's Myst |       |       |       |    32 |    36 ||    68
       Airstrike         |       |       |       |    34 |     8 ||    42
       Scorch            |       |       |       |    14 |     2 ||    16
       Iskenderun's Batt |       |       |       |       |    40 ||    40
       Flame Wave        |       |       |       |       |     1 ||     1
  Use: Scroll            |       |       |     9 |    10 |     1 ||    20
       Potion            |       |       |       |     2 |       ||     2
Armor: Robe              |     8 |       |    36 |    56 |    20 ||   120
       Leather armour    |     4 |     5 |       |       |       ||     9
Dodge: Dodged            |    18 |     7 |    44 |   262 |    55 ||   386
Block: Buckler           |       |       |       |     8 |    26 ||    34

Levels and vault maps discovered:
D:1:      dpeg_arrival_prison, layout_basic, nicolae_ecumenical_snake_handling,
          hangedman_glass_garden
D:2:      layout_basic, serial_shops, nicolae_shop_overgrown_old_shop,
          grunt_ministairs_11, minmay_quantized
D:3:      layout_basic
D:4:      layout_gridville, minmay_temple_entry_waves, minmay_misc_feat_x,
          chequers_serial_rivers_micro_a, minmay_crystal_room, uniq_grinder
D:5:      layout_basic, mainiacjoe_overflow_tiny_flanked
D:6:      layout_gridville
D:7:      layout_basic
D:8:      layout_rooms, marbit_many_paths, nemelex_spade_bored_becter,
          lightli_temple_of_fire, uniq_pikel, uniq_maurice, uniq_prince_ribbit1
D:9:      nzn_winding_woodlands_medium [nzn_winding_woodlands_5x5_closed_star,
          nzn_winding_woodlands_5x15_zeroes,
          nzn_winding_woodlands_5x5_open_star, nzn_winding_woodlands_hourglass,
          nzn_winding_woodlands_center_triple_pond,
          nzn_winding_woodlands_5x5_perimeter, nzn_winding_woodlands_5x5_cross,
          nzn_winding_woodlands_5x15_sidewinder,
          nzn_winding_woodlands_5x5_default], layout_grid_maze,
          mainiacjoe_overflow_alcove_2, nicolae_kikubaaqudgha_miasma_corner,
          enter_bailey_5, hangedman_abyss_or_decor_jellyfish_corner,
          centaur_isle
D:10:     layout_grid_maze, lair_entry_dummy, kennysheep_generic_room_9,
          uniq_psyche
Temple:   nicolae_temple_x_marks_the_god
Lair:1:   layout_loops_ring, enter_volcano_3, serial_bayou_shore_b
Lair:2:   layout_cave_pods, guppyfry_snake_entry_island, gammafunk_ghost_split,
          roderic_carrion_pond, lemuel_fruit_tree
Lair:3:   mu_elephants_graveyard, layout_misc_corridors,
          ebering_ghost_inner_flame

Notes
Turn   | Place    | Note
-------+----------+-------------------------------------------
     0 | D:1      | mortz the Human Conjurer began the quest for the Orb.
     0 | D:1      | Reached XP level 1. HP: 13/13 MP: 3/3
     0 | D:1      | magus.rc [v1.9.6]
   200 | D:1      | Found a faded altar of an unknown god.
   223 | D:1      | Reached XP level 2. HP: 19/19 MP: 1/5
   226 | D:1      | Learned a level 2 spell: Searing Ray
   537 | D:1      | Reached XP level 3. HP: 24/24 MP: 1/6
  1378 | D:2      | Found Xiceote's Antique Armour Boutique.
  1864 | D:2      | Reached skill level 1 in Armour
  1864 | D:2      | Reached XP level 4. HP: 30/30 MP: 4/7
  2641 | D:3      | Reached XP level 5. HP: 35/35 MP: 4/8
  2809 | D:3      | Reached skill level 5 in Conjurations
  3190 | D:3      | You add the spells Ignite Poison, Mephitic Cloud and
                  | Freezing Cloud to your library.
  3195 | D:3      | Learned a level 3 spell: Dazzling Flash
  3199 | D:3      | Learned a level 3 spell: Mephitic Cloud
  3747 | D:4      | Reached skill level 3 in Spellcasting
  3747 | D:4      | Reached XP level 6. HP: 41/41 MP: 5/10
  3830 | D:4      | Reached skill level 2 in Armour
  3956 | D:4      | Found a staircase to the Ecumenical Temple.
  3965 | Temple   | Entered the Ecumenical Temple
  3991 | Temple   | Became a worshipper of Vehumet
  4527 | D:4      | Noticed Grinder
  4548 | D:5      | Entered Level 5 of the Dungeon
  4760 | D:4      | Reached XP level 7. HP: 46/46 MP: 5/12
  5091 | D:5      | Identified the +2 robe of Riadoima {Regen+ Str+7 Stlth-}
  5309 | D:5      | Reached skill level 3 in Stealth
  5427 | D:5      | Reached skill level 1 in Maces & Flails
  5427 | D:5      | Reached skill level 4 in Spellcasting
  5491 | D:5      | Found the +1 Delatra's gloves {ID++}
  5948 | D:5      | Found a shimmering altar of Xom.
  5960 | D:5      | Reached skill level 6 in Conjurations
  6254 | D:6      | You pick up a book of Spectacle and begin reading...
  6346 | D:6      | Reached XP level 8. HP: 52/52 MP: 10/14
  6532 | D:6      | Reached skill level 2 in Maces & Flails
  6603 | D:6      | Reached skill level 3 in Dodging
  6614 | D:6      | Reached skill level 3 in Armour
  6816 | D:6      | Reached skill level 5 in Spellcasting
  7257 | D:6      | Reached skill level 7 in Conjurations
  7809 | D:7      | You pick up a book of Conjurations {@e2} and begin
                  | reading...
  8240 | D:7      | Reached XP level 9. HP: 54/57 MP: 1/17
  8392 | D:7      | Reached skill level 6 in Spellcasting
  8494 | D:8      | Noticed Prince Ribbit
  8592 | D:8      | Noticed Pikel
  8940 | D:8      | Killed Prince Ribbit
  8940 | D:8      | Reached * piety under Vehumet
  8940 | D:8      | Offered knowledge of Shock by Vehumet.
  8941 | D:8      | Reached skill level 4 in Dodging
  9169 | D:8      | Noticed a two-headed ogre
  9276 | D:8      | Killed a two-headed ogre
  9277 | D:8      | Reached skill level 1 in Fighting
  9277 | D:8      | Reached skill level 4 in Stealth
  9277 | D:8      | Reached skill level 7 in Spellcasting
  9277 | D:8      | Reached skill level 8 in Conjurations
  9277 | D:8      | Reached skill level 1 in Air Magic
  9277 | D:8      | Reached skill level 1 in Poison Magic
  9463 | D:8      | Killed Pikel
  9464 | D:8      | Reached XP level 10. HP: 57/66 MP: 3/21
  9757 | D:8      | Reached skill level 9 in Conjurations
 10039 | D:8      | Found a sparkling altar of Nemelex Xobeh.
 10040 | D:8      | Noticed Maurice
 10251 | D:8      | Found a bloodstained altar of Trog.
 10300 | D:8      | Reached skill level 2 in Air Magic
 10444 | D:8      | Found a blossoming altar of Fedhas.
 10527 | D:9      | Found a flagged portal.
 10630 | Bailey   | Entered a bailey
 10652 | D:9      | Reached ** piety under Vehumet
 10652 | D:9      | Offered knowledge of Static Discharge by Vehumet.
 10653 | D:9      | Reached skill level 8 in Spellcasting
 10653 | D:9      | Reached skill level 2 in Poison Magic
 10698 | D:9      | Learned a level 4 spell: Fulminant Prism
 10703 | D:9      | Learned a level 4 spell: Iskenderun's Mystic Blast
 10717 | D:9      | Noticed a two-headed ogre
 10734 | D:9      | Killed a two-headed ogre
 10735 | D:9      | Reached skill level 2 in Fighting
 10947 | D:9      | Learned a level 2 spell: Static Discharge
 11023 | D:9      | Reached skill level 3 in Air Magic
 11178 | D:9      | Noticed a centaur warrior
 11190 | D:9      | Killed a centaur warrior
 11191 | D:9      | Reached XP level 11. HP: 44/72 MP: 10/23
 11194 | D:9      | Reached skill level 10 in Conjurations
 11194 | D:9      | Reached skill level 3 in Poison Magic
 11205 | D:9      | Reached skill level 9 in Spellcasting
 11551 | D:9      | Learned a level 3 spell: Ignite Poison
 11557 | D:9      | Found an ancient bone altar of Kikubaaqudgha.
 11740 | D:9      | Offered knowledge of Scorch by Vehumet.
 12000 | D:9      | Reached *** piety under Vehumet
 12214 | D:9      | Noticed a two-headed ogre
 12222 | D:9      | Killed a two-headed ogre
 12586 | D:9      | Noticed a two-headed ogre
 12599 | D:9      | Killed a two-headed ogre
 12600 | D:9      | Reached skill level 5 in Dodging
 12600 | D:9      | Reached skill level 10 in Spellcasting
 12939 | D:9      | Found a hazy altar of Hepliaklqana.
 13016 | D:9      | Reached skill level 1 in Fire Magic
 13036 | D:9      | Noticed a two-headed ogre
 13412 | D:9      | Killed a two-headed ogre
 13461 | D:9      | Reached skill level 4 in Poison Magic
 13716 | D:9      | Reached skill level 1 in Transmutations
 13917 | D:9      | HP: 11/73 [centaur/arrow (11)]
 13994 | D:9      | HP: 15/73 [centaur/arrow (7)]
 14402 | D:10     | Entered Level 10 of the Dungeon
 14410 | D:10     | Reached XP level 12. HP: 79/79 MP: 13/26
 14601 | D:10     | Found a staircase to the Lair.
 14617 | D:10     | Noticed Psyche
 14626 | D:10     | Killed Psyche
 14627 | D:10     | Reached skill level 11 in Conjurations
 14730 | D:9      | Learned a level 2 spell: Scorch
 14739 | D:10     | Offered knowledge of Airstrike by Vehumet.
 14872 | D:9      | Learned a level 4 spell: Airstrike
 14896 | D:10     | You pick up a book of Cantrips and begin reading...
 14896 | D:10     | You add the spells Animate Skeleton, Summon Small Mammal
                  | and Apportation to your library.
 15716 | Lair:1   | Entered Level 1 of the Lair of Beasts
 15897 | Lair:1   | Reached skill level 4 in Air Magic
 16085 | Lair:1   | Reached skill level 11 in Spellcasting
 16478 | Lair:1   | Reached skill level 2 in Fire Magic
 16602 | Lair:1   | Identified the ring "Sagaukof" {rElec rF+ rN+++ Int+4
                  | Dex-5}
 16623 | Lair:1   | Reached **** piety under Vehumet
 16643 | Lair:1   | HP: 13/79 [cane toad (10)]
 16870 | Lair:1   | Reached skill level 1 in Translocations
 16877 | Lair:1   | Reached skill level 2 in Transmutations
 17435 | D:4      | Killed Grinder
 17436 | D:4      | Reached skill level 5 in Air Magic
 17504 | D:2      | Bought the +3 warlock's mirror {reflect} for 640 gold
                  | pieces
 17504 | D:2      | Found the +3 warlock's mirror {reflect}
 17992 | Lair:1   | Reached skill level 1 in Shields
 18395 | Lair:2   | Found a staircase to the Snake Pit.
 18707 | Lair:2   | Noticed a death yak
 18707 | Lair:2   | Noticed a death yak
 18707 | Lair:2   | Noticed a death yak
 18708 | Lair:2   | Noticed a death yak
 18710 | Lair:2   | Noticed a death yak
 18728 | Lair:2   | Noticed a death yak
 18983 | Lair:1   | Killed a death yak
 18983 | Lair:1   | Offered knowledge of Iskenderun's Battlesphere by Vehumet.
 18984 | Lair:1   | Reached skill level 12 in Spellcasting
 18984 | Lair:1   | Reached XP level 13. HP: 85/85 MP: 4/29
 18990 | Lair:1   | Learned a level 5 spell: Iskenderun's Battlesphere
 19467 | Lair:2   | Reached skill level 2 in Shields
 19576 | Lair:2   | Reached skill level 2 in Translocations
 19711 | Lair:2   | Noticed Orthodox's ghost (journeyman HOBe)
 19713 | Lair:2   | Found a runed translucent gate.
 19714 | Lair:2   | Found a runed translucent gate.
 19714 | Lair:2   | Noticed a boulder beetle
 19716 | Lair:2   | Found a runed translucent gate.
 20292 | Lair:2   | Reached skill level 3 in Shields
 21194 | Lair:3   | Reached skill level 5 in Poison Magic
 21376 | Lair:3   | Noticed a six-headed hydra
 21485 | Lair:2   | Reached skill level 4 in Shields
 21840 | Lair:3   | Killed a six-headed hydra
 21844 | Lair:3   | Reached skill level 12 in Conjurations
 22025 | Lair:3   | Reached skill level 3 in Fire Magic
 22349 | Lair:3   | Reached skill level 5 in Shields
 22779 | Lair:3   | Found a runed translucent door.
 22782 | Lair:3   | Noticed pkoi's ghost (journeyman DrCj)
 22782 | Lair:3   | Noticed a four-headed hydra
 22815 | Lair:3   | Reached skill level 6 in Dodging
 22815 | Lair:3   | Reached skill level 5 in Stealth
 22900 | Lair:3   | Reached skill level 3 in Transmutations
 23035 | Lair:3   | Reached XP level 14. HP: 91/91 MP: 21/30
 23037 | Lair:3   | Reached ***** piety under Vehumet
 23072 | Lair:3   | Reached skill level 13 in Spellcasting
 23089 | Lair:3   | Offered knowledge of Flame Wave by Vehumet.
 23095 | Lair:3   | Learned a level 4 spell: Flame Wave
 23333 | Lair:3   | Noticed a dire elephant
 23517 | Lair:3   | HP: 22/91 [cloud of spreading flames (6)]
 23519 | Lair:3   | HP: 8/91 [cloud of spreading flames (6)]
 23520 | Lair:3   | HP: 2/91 [cloud of spreading flames (7)]
 23521 | Lair:3   | Engulfed by a cloud of spreading flames

Vanquished Creatures
  A hydra (Lair:3)
  A centaur warrior (D:9)
  A catoblepas (Lair:3)
  6 death yaks
  5 two-headed ogres
  Pikel (D:8)
  11 elephants (Lair:3)
  3 black mambas
  A torpor snail (Lair:2)
  A rime drake (Lair:3)
  9 komodo dragons
  6 cane toads
  Psyche (D:10)
  4 trolls
  A hornet (Lair:3)
  A polar bear (Lair:2)
  Prince Ribbit (D:8)
  Grinder (D:4)
  A slime creature (D:9)
  5 blink frogs (Lair:3)
  A spriggan (Lair:3)
  A wraith (D:10)
  47 yaks
  2 wyverns
  A basilisk (D:9)
  2 humans (D:9)
  8 water moccasins
  3 nagas (Lair:2)
  2 hell hounds (Lair:1)
  5 orc warriors
  2 black bears
  6 necrophages (Lair:2)
  An ice beast (D:6)
  A boggart (D:9)
  7 centaurs (D:9)
  2 lemures (D:7)
  3 kobold brigands
  7 bullfrogs
  2 scorpions
  23 killer bees
  A howler monkey (D:4)
  2 jellies (D:6)
  3 centaur zombies
  A bullfrog skeleton (D:6)
  12 orc priests
  2 gnoll shamans (D:9)
  7 hounds
  2 centaur skeletons
  5 iguanas
  15 orc wizards
  2 hound skeletons (D:4)
  6 gnolls
  7 adders
  2 white imps
  2 ufetubi
  A worm (D:2)
  28 orcs
  8 endoplasms
  6 giant cockroaches
  10 hobgoblins
  4 jackals
  7 quokkas
  7 ball pythons
  7 bats
  7 frilled lizards
  13 goblins
  14 kobolds
  10 rats
378 creatures vanquished.

Vanquished Creatures (others)
  A bush (Lair:3)
  111 fungi
  94 plants
206 creatures vanquished.

Grand Total: 584 creatures vanquished

Table legend:
 A = Non-vault XP
 B = Vault XP
 C = Vault XP percentage of total XP
 D = Non-vault monster count
 E = Vault monster count
 F = Vault count percentage of total count
                 A         B        C        D         E       F
            +---------+---------+-------+---------+---------+-------
      Total |   37122 |   13358 |  26.5 |     310 |      66 |  17.6
            +---------+---------+-------+---------+---------+-------
        D:1 |      32 |       7 |  17.9 |      21 |       4 |  16.0
        D:2 |      54 |      18 |  25.0 |      26 |       5 |  16.1
        D:3 |      98 |       0 |   0.0 |      28 |       0 |   0.0
        D:4 |     330 |     272 |  45.2 |      19 |       1 |   5.0
        D:5 |     389 |       0 |   0.0 |       7 |       0 |   0.0
        D:6 |     867 |       0 |   0.0 |      22 |       0 |   0.0
        D:7 |     351 |       3 |   0.8 |      10 |       1 |   9.1
        D:8 |    2014 |     915 |  31.2 |      34 |       2 |   5.6
        D:9 |    5652 |    4631 |  45.0 |      45 |      29 |  39.2
       D:10 |    1512 |     379 |  20.0 |      12 |       1 |   7.7
     Lair:1 |    7478 |     296 |   3.8 |      28 |       2 |   6.7
     Lair:2 |   10327 |    1201 |  10.4 |      29 |       9 |  23.7
     Lair:3 |    8018 |    5636 |  41.3 |      29 |      12 |  29.3
            +---------+---------+-------+---------+---------+-------

Illustrated notes

Table legend:
 A = Kills in this place as a percentage of kills in entire the game.
 B = Kills by you in this place as a percentage of kills by you in the entire game.
 C = Kills by friends in this place as a percentage of kills by friends in the entire game.
 D = Other kills in this place as a percentage of other kills in the entire game.
 E = Experience gained in this place as a percentage of experience gained in the entire game.
 F = Experience gained in this place divided by the number of levels of this place that you have seen.
                   A       B       C       D       E      F
               +-------+-------+-------+-------+-------+----------------------
         Total | 100.0 | 100.0 |   N/A | 100.0 | 100.0 | 3365.3
       Dungeon |  71.0 |  71.3 |   N/A |  60.0 |  34.7 | 1752.4
          Lair |  29.0 |  28.7 |   N/A |  40.0 |  65.3 | 10985.3
               +-------+-------+-------+-------+-------+----------------------

Table legend: (Time is in decaauts)
 A = Elapsed time spent in this place.
 B = Non-inter-level travel time spent in this place.
 C = Inter-level travel time spent in this place.
 D = Time resting spent in this place.
 E = Time spent auto-exploring this place.
 F = Levels seen in this place.
 G = Mean time per level.
                   A        B        C        D        E       F      G
               +--------+--------+--------+--------+--------+-----+--------+
         Total |  23582 |  21785 |   1797 |   7286 |  10256 |  15 | 1572.1 |
       Dungeon |  16311 |  14897 |   1414 |   3973 |   8254 |  10 | 1631.1 |
        Temple |     36 |     20 |     16 |      0 |     16 |   1 |   36.0 |
          Lair |   7216 |   6849 |    367 |   3313 |   1985 |   3 | 2405.3 |
        Bailey |     17 |     17 |      0 |      0 |      0 |   1 |   17.0 |
               +--------+--------+--------+--------+--------+-----+--------+

Top non-repeatable levels by time:
     D:9: 4062 daAuts
  Lair:1: 2987 daAuts
  Lair:2: 2744 daAuts
     D:6: 1712 daAuts
     D:8: 1610 daAuts
  Lair:3: 1484 daAuts
     D:4: 1359 daAuts
     D:2: 1356 daAuts
    D:10: 1317 daAuts
     D:7: 1290 daAuts
     D:5: 1221 daAuts
     D:1: 1211 daAuts
     D:3: 1169 daAuts
  Temple: 36 daAuts
  Bailey: 17 daAuts
